 Seeded DCSS version 0.30-a0-371-gad7725a93e (webtiles) character file.

Game seed: 13658021519148660155 (custom seed)

46 innerfire433 the Trooper (level 3, 0/29 HPs)
             Began as a Demonspawn Monk on Nov 21, 2022.
             Was a Priest of Uskayaw.
             Slain by a hobgoblin (3 damage)
             ... led by Robin
             ... on level 2 of the Dungeon.
             The game lasted 00:01:56 (1009 turns).

innerfire433 the Trooper (Demonspawn Monk)          Turns: 1009, Time: 00:01:58

Health: 0/29       AC:  2    Str: 13    XL:     3   Next: 44%
Magic:  3/3        EV: 13    Int: 11    God:    Uskayaw [***...]
Gold:   129        SH:  0    Dex: 15    Spells: 2/2 levels left

rFire   . . .      SeeInvis .    d - +3 hand axe
rCold   . . .      Faith    .    (no shield)
rNeg    . . .      Spirit   .    b - +0 robe
rPois   .          Reflect  .    (no helmet)
rElec   .          Harm     .    (no cloak)
rCorr   .          Rampage  .    (no gloves)
Will    .....                    (no boots)
Stlth   +.........               (no amulet)
HPRegen 0.24/turn                (no ring)
MPRegen 0.08/turn                (no ring)

@: confused, ambrosia-drunk
A: powered by pain 1, weakness stinger 1
a: Renounce Religion, Stomp, Line Pass


You were on level 2 of the Dungeon.
You worshipped Uskayaw.
Uskayaw was noncommittal.
You visited 1 branch of the dungeon, and saw 2 of its levels.

You collected 129 gold pieces.

Inventory:

Hand Weapons
 a - a +0 hand axe
 d - a +3 hand axe (weapon)
Missiles
 i - a throwing net (quivered)
Armour
 b - a +0 robe (worn)
Scrolls
 e - a scroll of immolation {unknown}
 f - 2 scrolls of identify {unknown}
 h - a scroll of butterflies {unknown}
 j - 3 scrolls of poison {unknown}
 k - a scroll of amnesia {unknown}
 m - 3 scrolls of vulnerability {unknown}
 n - a scroll of teleportation {unknown}
Potions
 g - a potion of heal wounds
 l - a potion of resistance {unknown}


   Skills:
 + Level 3.5 Fighting
 + Level 3.2 Axes
 + Level 3.2 Dodging
 - Level 2.0 Stealth


You had 2 spell levels left.
You didn't know any spells.
Your spell library contained the following spells:

 Spells                   Type           Power      Damage    Failure   Level
 Magic Dart               Conj           0%         1d3       34%         1
 Blink                    Tloc           0%         N/A       47%         2
 Call Imp                 Summ           0%         N/A       47%         2
 Momentum Strike          Conj/Tloc      0%         3d8       47%         2
 Gell's Gravitas          Tloc           0%         N/A       71%         3
 Lesser Beckoning         Tloc           0%         N/A       71%         3
 Mephitic Cloud           Conj/Pois/Air  0%         N/A       71%         3
 Teleport Other           Tloc           0%         N/A       71%         3
 Dispersal                Tloc           0%         N/A       100%        6


Dungeon Overview and Level Annotations

Branches:
Dungeon (2/15)

Altars:
Uskayaw

Shops:
D:1 !

Annotations:
D:2 Robin


Innate Abilities, Weirdness & Mutations

You sometimes gain a little power by taking damage.
You have a small tail.


Message History

You barely miss Robin. You barely miss the goblin.
You closely miss the goblin. x2
You hit the goblin.
You kill the goblin!
The goblin hits you with a +0 club. The goblin closely misses you.
The goblin barely misses you. Robin throws the goblin at you!
You hit Robin but do no damage. You closely miss the goblin.
You hit the goblin.
You kill the goblin!
You hit the hobgoblin. You hit the goblin.
You kill the goblin!
You slash the goblin!
You kill the goblin!
Robin throws the goblin at you! The goblin hits you but does no damage.
The goblin completely misses you. The hobgoblin hits you.
You hit Robin.
Robin is moderately wounded.
You closely miss the goblin. x2; You hit the hobgoblin but do no damage.
Robin hits you with a +0 club.
* * * LOW HITPOINT WARNING * * *
The goblin hits you with a +0 dagger.
* * * LOW HITPOINT WARNING * * *
An endoplasm comes into view.
The goblin barely misses you.
Uskayaw will force your foes to helplessly watch your dance.
Uskayaw prepares the audience for your solo!
You are confused.
You feel invigorated.
Robin is no longer paralysed.
The goblin is no longer paralysed. x2; The hobgoblin is no longer paralysed. x2
The endoplasm is no longer paralysed.
Robin closely misses you. The goblin hits you with a +0 dagger.
* * * LOW HITPOINT WARNING * * *
The goblin hits you but does no damage. The hobgoblin barely misses you.
You hit Robin but do no damage.
Your tail-slap misses Robin.
Robin is moderately wounded.
You barely miss the goblin. You barely miss the hobgoblin.
You hit the hobgoblin. You closely miss the goblin. Robin barely misses you.
The goblin hits you with a +0 dagger. The hobgoblin hits you.
* * * LOW HITPOINT WARNING * * *
The goblin barely misses you. The hobgoblin hits you.
You die...

.###.#.#.# .# #.#.#.#
#......# .# #.#.#.#
#......# .###.....#
#......# .#.....#####
#......+ .#.###.....#
#......# .#. #.###.#
#...[..# .# #.# #.#
#.ggg..#### .#^ #.#
#.####)@gJ.....
.#.###.###.....g##......
.#....[....###..# ..:..
.###.......###..# ....
.............#..# ...
..##.......#.#... ##
..##.......#.####.
####.......# . ..
#.......# ## ..


You could see Robin, an endoplasm, 2 hobgoblins and 2 goblins.

Vanquished Creatures
  An adder (D:2)
  3 bats
  3 giant cockroaches (D:2)
  8 goblins (D:2)
  5 hobgoblins
  2 kobolds (D:1)
  2 quokkas
  3 ball pythons
  2 frilled lizards
  2 rats
31 creatures vanquished.

Notes
Turn   | Place    | Note
-------+----------+-------------------------------------------
     0 | D:1      | innerfire433 the Demonspawn Monk began the quest for the
                  | Orb.
     0 | D:1      | Reached XP level 1. HP: 18/18 MP: 1/1
   274 | D:1      | Found Mijehyny's Distillery.
   303 | D:1      | Gained mutation: You have a small tail. [demonic ancestry]
   303 | D:1      | Reached XP level 2. HP: 16/24 MP: 2/2
   458 | D:1      | Found a faded altar of an unknown god.
   660 | D:1      | Prayed at the altar of an unknown god.
   660 | D:1      | Became a worshipper of Uskayaw the Reveller
   660 | D:1      | Reached * piety under Uskayaw
   660 | D:1      | Reached ** piety under Uskayaw
   689 | D:2      | Reached *** piety under Uskayaw
   692 | D:2      | Reached **** piety under Uskayaw
   764 | D:2      | Gained mutation: You sometimes gain a little power by
                  | taking damage. [demonic ancestry]
   764 | D:2      | Reached XP level 3. HP: 23/29 MP: 3/3
   999 | D:2      | Noticed Robin
  1009 | D:2      | Slain by a hobgoblin

Illustrated notes

Levels and vault maps discovered:
D:1:      sevenhm_arrival_forest_fort_small_3, layout_basic,
          shapermc_ecumenical_altar_acropolis, serial_shops,
          nicolae_shop_crystal, serial_bayou_ford_a
D:2:      layout_basic, serial_shops, shop, uniq_robin, uniq_crazy_yiuf_cottage

Skill      XL: |  1  2 |
---------------+-------+-----
Stealth        | 2 |  2.0
Dodging        | 3 |  3.2
Axes           | 3 |  3.2
Fighting       | |  3.5

Action                   || total
-------------------------++-------
Melee: Hand axe          ||    59
       Tailslap          ||     1
  Use: Potion            ||     2
 Stab: Paralysed         ||     3
       Sleeping          ||     1
Armor: Robe              ||    15
Dodge: Dodged            ||    70

Table legend: (Time is in decaauts)
 A = Elapsed time spent in this place.
 B = Non-inter-level travel time spent in this place.
 C = Inter-level travel time spent in this place.
 D = Time resting spent in this place.
 E = Time spent auto-exploring this place.
 F = Levels seen in this place.
 G = Mean time per level.
                   A        B        C        D        E       F      G
               +--------+--------+--------+--------+--------+-----+--------+
         Total |   1021 |    949 |     72 |      0 |    782 |   2 |  510.5 |
       Dungeon |   1021 |    949 |     72 |      0 |    782 |   2 |  510.5 |
               +--------+--------+--------+--------+--------+-----+--------+

Top non-repeatable levels by time:
     D:1: 689 daAuts
     D:2: 331 daAuts
